 Dungeon Crawl Stone Soup version 0.28-a0-769-g550dbda0cd (webtiles) character file.

Game seed: 5099932271720728074

3260 Megalobster the Cleaver (level 9, -15/74 HPs)
             Began as a Deep Dwarf Fighter on Oct 30, 2021.
             Was a Believer of Makhleb.
             Demolished by a boulder beetle (20 damage)
             ... on level 9 of the Dungeon on Oct 31, 2021.
             The game lasted 00:23:17 (6712 turns).

Megalobster the Cleaver (Deep Dwarf Fighter)        Turns: 6712, Time: 00:23:17

Health: -15/74     AC:  9    Str: 22    XL:     9   Next: 68%
Magic:  7/7        EV:  9    Int: 10    God:    Makhleb [**....]
Gold:   57         SH: 10    Dex: 12    Spells: 8/8 levels left

rFire   + . .      SeeInvis .   b - +1 dagger (venom)
rCold   . . .      Faith    .   c - +0 buckler
rNeg    . . .      Spirit   .   x - +0 scale mail
rPois   +          Reflect  +   u - +0 helmet
rElec   .          Harm     .   l - +1 cloak
rCorr   .          Rampage  .   n - +0 pair of gloves
Will    +....                   (no boots)
Stlth   ..........              s - amulet of reflection
HPRegen 0.00/turn               j - ring of poison resistance
MPRegen 0.10/turn               r - ring of protection from fire

@: hasted, very quick
A: damage resistance, heal wounds, sense surroundings 2, no regeneration,
deformed body, screaming 1, wild magic 1
a: Heal Wounds, Renounce Religion, Minor Destruction


You were on level 9 of the Dungeon.
You worshipped Makhleb.
Makhleb was pleased with you.
You visited 2 branches of the dungeon, and saw 11 of its levels.

You collected 356 gold pieces.
You spent 299 gold pieces at shops.

Inventory:

Hand Weapons
 a - a +0 broad axe
 b - a +1 dagger of venom (weapon)
 e - a +2 whip of electrocution
Missiles
 i - 166 stones
 B - 2 throwing nets {!f}
Armour
 c - a +0 buckler (worn)
 l - a +1 cloak (worn)
 n - a +0 pair of gloves (worn)
 u - a +0 helmet (worn)
 x - a +0 scale mail (worn)
Jewellery
 d - a ring of resist corrosion
 j - a ring of poison resistance (left hand)
 r - a ring of protection from fire (right hand)
 s - an amulet of reflection (around neck)
 w - a ring of flight
Wands
 m - a wand of iceblast (14)
Scrolls
 f - 2 scrolls of vulnerability
 g - a scroll of blinking
 h - 3 scrolls of enchant weapon
 o - a scroll of fear {unknown}
 p - a scroll of magic mapping
 q - a scroll of summoning {unknown}
 t - 4 scrolls of teleportation
 y - a scroll of torment {unknown}
 A - 2 scrolls of enchant armour {unknown}
 C - a scroll of amnesia
 D - 2 scrolls of acquirement {unknown}
 E - 2 scrolls of immolation {unknown}
Potions
 k - a potion of curing {@q1}
 v - a potion of heal wounds
 F - 2 potions of brilliance


   Skills:
 - Level 2.6 Fighting
 * Level 12.1 Axes
 - Level 6.5 Armour
 - Level 6.6 Shields
 - Level 4.7 Invocations


You had 8 spell levels left.
You didn't know any spells.
Your spell library contained the following spells:

 Spells                   Type           Power      Damage    Failure   Level
 Magic Dart               Conj           0%         1d3       73%         1
 Call Imp                 Summ           0%         N/A       86%         2
 Dazzling Flash           Conj/Hex       0%         N/A       97%         3
 Mephitic Cloud           Conj/Pois/Air  0%         N/A       97%         3
 Iskenderun's Mystic Bla  Conj/Tloc      0%         2d3       100%        4
 Agony                    Necr           0%         N/A       100%        5
 Silence                  Hex/Air        0%         N/A       100%        5
 Starburst                Conj/Fire      0%         6d3       100%        6


Dungeon Overview and Level Annotations

Branches:
Dungeon (10/15)            Temple (1/1) D:5
   Lair: D:8-11         Orc: D:9-12

Altars:
Ashenzari
Cheibriados
Dithmenos
Elyvilon
Fedhas
Gozag
Hepliaklqana
Kikubaaqudgha
Makhleb
Nemelex Xobeh
Okawaru
Qazlal
Ru
Trog
Uskayaw
Vehumet
Wu Jian
Xom
Yredelemnul
Zin
The Shining One

Shops:
D:8 *

Annotations:
D:8 2 transporters, sn0wgr3's ghost, novice MiFi


Innate Abilities, Weirdness & Mutations

You are resistant to damage.
You can heal yourself by infusing magical energy.
You passively map the area around you.
You do not regenerate.
Armour fits poorly on your strangely shaped body.
You occasionally shout uncontrollably at your foes.
Your spells are a little harder to cast, but a little more powerful.


Message History

Your body twists and deforms.
You feel the urge to shout.
You feel less in control of your magic.
Unknown command.
You hit the boulder beetle but do no damage.
You hit the boulder beetle but do no damage.
You hit the boulder beetle but do no damage.
The boulder beetle bites you but does no damage.
You hit the boulder beetle.
The boulder beetle is lightly wounded.
The boulder beetle bites you!!
* * * LOW HITPOINT WARNING * * *
You take 24 damage, and have 12/74 hp.
MASSIVE DAMAGE!!
You feel much better.
You regained 29 hp, and now have 41/74 hp.
You feel much better. The boulder beetle bites you!
You regained 8 hp, and now have 49/74 hp.
Your +1 dagger of venom begins to drip with poison!
b - a +1 dagger of venom (weapon)
You hit the boulder beetle but do no damage.
The boulder beetle is poisoned.
The boulder beetle is lightly wounded.
You block the boulder beetle's attack.
You hit the boulder beetle but do no damage.
The boulder beetle is lightly wounded.
The boulder beetle bites you!!
You take 24 damage, and have 25/74 hp.
MASSIVE DAMAGE!!
You hit the boulder beetle but do no damage.
The boulder beetle looks even sicker.
The boulder beetle is lightly wounded.
You hit the boulder beetle but do no damage.
The boulder beetle looks as sick as possible!
The boulder beetle is lightly wounded.
The boulder beetle bites you!!
* * * LOW HITPOINT WARNING * * *
You take 20 damage, and have 5/74 hp.
MASSIVE DAMAGE!!
You hit the boulder beetle but do no damage.
The boulder beetle looks as sick as possible!
The boulder beetle is lightly wounded.
The boulder beetle bites you!!
You die...

#.# #.## ********,,*** #.# #.#
******,,<** #.# #.# *,,,,,.,,*
###.# #.# *,,,,y.,,* #...# #)#
*,,,y..,,* #.### #.# *,,....,,*
#.# #.# *,.....,,*
..###########.#######......,,* *
................@Byy'......,,* **
#############.#######......,,***,
# #.# *,.....,,+,,, # #.#
*,,....,,**** # #.# ****+##***
#.# *,,,,,* ##### #.# ******,****
....# **#+#********,,,,,,,,,*
....# *,,,,,,,,*,,,,,,,,,,,,*


You could see a boulder beetle (extremely poisoned) and 2 killer bees.

Vanquished Creatures
  Pikel (D:7)
  Prince Ribbit (D:7)
  An acid dragon (D:8)
  A water moccasin (D:7)
  An orc warrior (D:6)
  2 ice beasts
  2 sky beasts
  A necrophage (D:6)
  A centaur (D:8)
  An ogre (D:5)
  A phantom (D:5)
  A kobold brigand (D:5)
  A wyvern zombie (D:5)
  3 bullfrogs (D:7)
  A gnoll sergeant (D:8)
  2 scorpions (D:4)
  A killer bee (D:9)
  6 wights
  Crazy Yiuf (D:3)
  An orc priest (D:5)
  2 jellies
  3 centaur zombies
  2 bullfrog skeletons
  A centaur skeleton (D:7)
  5 orc wizards
  Natasha (thrice) (D:3)
  3 iguanas
  A killer bee zombie (D:9)
  A hound zombie (D:5)
  A howler monkey zombie (D:8)
  8 adders
  7 gnolls
  An adder skeleton (D:4)
  A worm (D:4)
  2 dart slugs
  11 orcs
  7 endoplasms
  6 giant cockroaches
  4 hobgoblins
  8 jackals
  5 quokkas
  9 ball pythons
  6 bats
  7 frilled lizards
  8 goblins
  14 kobolds
  7 rats
163 creatures vanquished.

Vanquished Creatures (others)
  2 fungi (D:2)
  11 plants
13 creatures vanquished.

Grand Total: 176 creatures vanquished

Notes
Turn   | Place    | Note
-------+----------+-------------------------------------------
     0 | D:1      | Megalobster the Deep Dwarf Fighter began the quest for the
                  | Orb.
     0 | D:1      | Reached XP level 1. HP: 20/20 MP: 1/1
   196 | D:1      | Reached XP level 2. HP: 27/27 MP: 2/2
   482 | D:1      | Reached skill level 3 in Axes
   596 | D:2      | Reached XP level 3. HP: 23/33 MP: 3/3
   597 | D:2      | Found a faded altar of an unknown god.
   772 | D:2      | Reached XP level 4. HP: 35/40 MP: 3/3
  1214 | D:3      | Noticed Natasha
  1238 | D:3      | Killed Natasha
  1239 | D:3      | Reached skill level 4 in Axes
  1316 | D:3      | Noticed Natasha
  1334 | D:3      | Killed Natasha
  1432 | D:3      | Reached XP level 5. HP: 20/46 MP: 4/4
  1464 | D:3      | Noticed Natasha
  1477 | D:3      | Killed Natasha
  2043 | D:3      | Found a runed translucent door.
  2044 | D:3      | Noticed Crazy Yiuf
  2107 | D:3      | Killed Crazy Yiuf
  2231 | D:4      | Reached skill level 5 in Axes
  2446 | D:4      | Reached XP level 6. HP: 34/55 MP: 5/5
  2487 | D:4      | Identified the +3 short sword "Feiqank" {antimagic, rPois
                  | Str+7 Int+3 Stlth+}
  2520 | D:4      | Reached skill level 5 in Armour
  2581 | D:4      | Reached skill level 5 in Shields
  2723 | D:4      | Reached skill level 6 in Axes
  2949 | D:5      | Entered Level 5 of the Dungeon
  2996 | D:5      | Found a staircase to the Ecumenical Temple.
  3021 | D:5      | Noticed a sky beast
  3047 | Temple   | Entered the Ecumenical Temple
  3106 | Temple   | Became a worshipper of Makhleb the Destroyer
  3112 | D:5      | Killed a sky beast
  3113 | D:5      | Reached skill level 1 in Invocations
  3113 | D:5      | Reached XP level 7. HP: 44/61 MP: 6/6
  3203 | D:5      | Upgraded the game from 0.28-a0-751-gef3a642a4e to
                  | 0.28-a0-769-g550dbda0cd
  3358 | D:5      | Reached skill level 7 in Axes
  3544 | D:5      | Reached XP level 8. HP: 54/68 MP: 8/8
  4221 | D:6      | Reached * piety under Makhleb
  4390 | D:6      | Reached skill level 8 in Axes
  5244 | D:7      | Reached skill level 9 in Axes
  5254 | D:7      | Noticed Pikel
  5277 | D:7      | Killed Pikel
  5278 | D:7      | Reached skill level 10 in Axes
  5278 | D:7      | Gained mutation: You passively map the area around you.
                  | [Deep Dwarf growth]
  5278 | D:7      | Reached XP level 9. HP: 35/74 MP: 8/8
  5909 | D:7      | Noticed Prince Ribbit
  5927 | D:7      | Killed Prince Ribbit
  5928 | D:7      | Reached skill level 11 in Axes
  6000 | D:8      | Noticed sn0wgr3's ghost (novice MiFi)
  6009 | D:8      | Found a transporter.
  6149 | D:8      | You fall into a shaft and drop 2 floors!
  6149 | D:10     | Entered Level 10 of the Dungeon
  6220 | D:8      | Noticed a moth of wrath
  6362 | D:8      | Found Wiufuh's Assorted Antiques.
  6415 | D:8      | Bought a broad axe for 104 gold pieces
  6415 | D:8      | Bought a scroll of enchant weapon for 195 gold pieces
  6548 | D:8      | Reached ** piety under Makhleb
  6549 | D:8      | Reached skill level 12 in Axes
  6591 | D:8      | Found a transporter.
  6693 | D:9      | Noticed a boulder beetle
  6700 | D:9      | Gained mutation: Armour fits poorly on your strangely
                  | shaped body. [potion of mutation]
  6700 | D:9      | Gained mutation: You occasionally shout uncontrollably at
                  | your foes. [potion of mutation]
  6700 | D:9      | Gained mutation: Your spells are a little harder to cast,
                  | but a little more powerful. [potion of mutation]
  6712 | D:9      | Demolished by a boulder beetle

Illustrated notes

Levels and vault maps discovered:
D:1:      minmay_arrival_checkered_box, layout_basic, st_stairs_5
D:2:      layout_loops_ring, shapermc_ecumenical_altar_mp_ritualfount,
          serial_park_tiny_2
D:3:      layout_loops_ring, uniq_natasha, uniq_crazy_yiuf_cottage
D:4:      minmay_opposing_rooms, layout_basic
D:5:      layout_cave_pods, temple_pool_b, lexackson_kobold_supper
D:6:      layout_layer_cave
D:7:      layout_gridville, hangedman_decor_growths, uniq_pikel,
          uniq_prince_ribbit1
D:8:      layout_rooms, serial_shops, nicolae_diamond_shop,
          gammafunk_ghost_berserking_beasts, kennysheep_generic_room_8
D:9:      layout_roguey, minivault_14, uniq_erica
D:10:     kennysheep_steamy, layout_loops_ring, nicolae_sif_muna_little_library,
          david_lair_generic, dk_vineyard_1
Temple:   dpeg_three_leaves_temple

Skill      XL: |  1  2  3  4  5  6  7  8  9 |
---------------+----------------------------+-----
Axes           | 3 4 5 6 7 10 12 | 12.1
Armour         | 4 5 6 |  6.5
Shields        | 4 5 6 |  6.6
Invocations    | 1 3 4 |  4.7
Fighting       | |  2.6

Action                   |  1- 3 |  4- 6 |  7- 9 || total
-------------------------+-------+-------+-------++-------
Melee: War axe           |   120 |   204 |   241 ||   565
       Dagger            |       |       |    33 ||    33
       Broad axe         |       |       |    32 ||    32
 Abil: Heal Wounds       |     1 |     5 |    18 ||    24
  Use: Potion            |       |     4 |     9 ||    13
       Scroll            |       |     5 |     6 ||    11
Armor: Scale mail        |    70 |    88 |   108 ||   266
       Skin              |       |       |    23 ||    23
Dodge: Dodged            |    90 |    96 |    92 ||   278
Block: Buckler           |    34 |    85 |   178 ||   297
       Reflection        |       |     6 |     3 ||     9

Table legend: (Time is in decaauts)
 A = Elapsed time spent in this place.
 B = Non-inter-level travel time spent in this place.
 C = Inter-level travel time spent in this place.
 D = Time resting spent in this place.
 E = Time spent auto-exploring this place.
 F = Levels seen in this place.
 G = Mean time per level.
                   A        B        C        D        E       F      G
               +--------+--------+--------+--------+--------+-----+--------+
         Total |   6810 |   6380 |    430 |    126 |   4456 |  11 |  619.1 |
       Dungeon |   6747 |   6317 |    430 |    126 |   4456 |  10 |  674.7 |
        Temple |     62 |     62 |      0 |      0 |      0 |   1 |   62.0 |
               +--------+--------+--------+--------+--------+-----+--------+

Top non-repeatable levels by time:
     D:6: 1131 daAuts
     D:3: 1040 daAuts
     D:5: 1000 daAuts
     D:7: 858 daAuts
     D:4: 748 daAuts
     D:2: 677 daAuts
     D:8: 607 daAuts
     D:1: 577 daAuts
     D:9: 102 daAuts
  Temple: 62 daAuts
    D:10: 3 daAuts
